 Dungeon Crawl Stone Soup version 0.21.1-1-g345015f (webtiles) character file.

154 Kairos the Charmwright (level 5, -1/39 HPs)
             Began as a Human Skald on Mar 22, 2018.
             Was an Initiate of Okawaru.
             Killed from afar by an orc wizard (15 damage)
             ... with a puff of flame
             ... on level 3 of the Dungeon.
             The game lasted 00:05:58 (2609 turns).

Kairos the Charmwright (Human Skald)                Turns: 2609, Time: 00:05:59

Health: -1/39      AC:  3    Str: 12      XL:     5   Next: 62%
Magic:  8/8        EV: 12    Int: 12 (13) God:    Okawaru [......]
Gold:   164        SH:  0    Dex: 11 (13) Spells: 7/8 levels left

rFire    x . .     SeeInvis .   a - +0 mace
rCold    + . .     Gourm    .   (no shield)
rNeg     + . .     Faith    .   b - +0 leather armour
rPois    .         Spirit   .   (no helmet)
rElec    .         Reflect  .   q - scarf {cloud immunity}
rCorr    .         Harm     .   (no gloves)
MR       .....                  (no boots)
Stlth    +.........             (no amulet)
HPRegen  0.13/turn              e - ring of Kacvoesu {Ice rN+}
MPRegen  0.11/turn              (no ring)

@: confused
A: no striking features
a: Renounce Religion


You were on level 3 of the Dungeon.
You worshipped Okawaru.
Okawaru was noncommittal.
You were not hungry.

You visited 1 branch of the dungeon, and saw 4 of its levels.

You collected 164 gold pieces.

Inventory:

Hand Weapons
 a - a +0 mace (weapon)
Armour
 b - a +0 leather armour (worn)
 q - a scarf of cloud immunity (worn)
Magical Staves
 p - an uncursed staff of power
Jewellery
 e - the ring of Kacvoesu (left hand) {Ice rN+}
   (You found it on level 4 of the Dungeon)

   [ring of ice]

   It enhances your ice magic.
   It makes you vulnerable to fire.
   It protects you from cold.
   It protects you from negative energy.
Scrolls
 f - 2 scrolls of remove curse
 h - a scroll of teleportation {unknown}
 j - 3 scrolls of identify {unknown}
 n - a scroll of noise {unknown}
 o - a scroll of magic mapping {unknown}
 r - a scroll of enchant weapon {unknown}
 t - a scroll of amnesia {unknown}
Potions
 g - a potion of berserk rage
 i - 2 potions of curing {unknown}
 k - 2 potions of lignification {unknown}
 l - 3 potions of heal wounds {unknown}
 m - 2 potions of resistance {unknown}
 s - a potion of ambrosia {unknown}
 u - a potion of magic {unknown}
Books
 c - a book of Battle

   Spells                             Type                      Level
   a - Infusion                       Charms                       1
   b - Shroud of Golubria             Charms/Translocation         2
   c - Song of Slaying                Charms                       2
   d - Spectral Weapon                Hexes/Charms                 3
   e - Regeneration                   Charms/Necromancy            3
Comestibles
 d - 5 rations
 v - 4 chunks of flesh


   Skills:
 + Level 2.5 Fighting
 + Level 3.4 Maces & Flails
 + Level 2.2 Armour
 + Level 2.5 Dodging
 + Level 0.1 Stealth
 + Level 2.2 Spellcasting
 + Level 3.6 Charms


You had 7 spell levels left.
You knew the following spells:

 Your Spells              Type           Power        Failure   Level  Hunger
a - Infusion              Chrm           ##..         8%          1    ##.....


Dungeon Overview and Level Annotations

Branches:
Dungeon (4/15)
 Temple: D:4-7

Altars:
Fedhas
Okawaru
Wu Jian


Message History

You bump into the rock wall.
You feel less confused.
The orc wizard hits you but does no damage.
You closely miss the orc wizard.
The orc wizard is severely wounded.
The orc wizard barely misses you. x2
You hit the orc wizard.
The orc wizard is almost dead.
The orc wizard casts a spell.
The orc wizard flickers and vanishes!
Deactivating autopickup; reactivate with Ctrl-A.
You barely miss something.
You hear some strange, mumbled words.
Something tries to affect you, but you resist.
You hear some strange, mumbled words.
You are confused.
You're too confused to move!
A puff of flame appears from out of thin air!
The puff of flame hits you! The fire burns you terribly!
You die...

##........######.###........#....
#..........# #.# #.##....###...
#..........# #.# #.##...#....##
#..........## #.# #.##.....####.
#...........# #.###.##....## #.
#...........## #.#...##...## #.
##..(.....#..###.#.#......## ##
##......###.......#.##....# #
###########.#.@....##..#.#### #
######...###.>..#####..[.###
#............##..## ####...#
#.........##......# ###..
#...>.....#####.#.#### #..
#.........# #.......# #..
#.........# #.......# #..
#.........# #.......# #..
#.<.......# #.......# ###


There were no monsters in sight!

Vanquished Creatures
  The ghost of Mirai the Magician, an amateur DECj (D:3)
  An adder (D:2)
  An adder skeleton (D:4)
  2 worms (D:2)
  3 dart slugs
  A leopard gecko (D:2)
  An orc (D:4)
  4 giant cockroaches
  2 goblins
  9 hobgoblins
  4 jackals (D:2)
  11 kobolds
  2 quokkas
  3 ball pythons
  6 bats
  3 frilled lizards (D:2)
  7 rats
61 creatures vanquished.

Notes
Turn   | Place    | Note
-------+----------+-------------------------------------------
     0 | D:1      | Kairos the Human Skald began the quest for the Orb.
     0 | D:1      | Reached XP level 1. HP: 16/16 MP: 3/3
   182 | D:1      | Reached XP level 2. HP: 15/22 MP: 5/5
   650 | D:2      | Reached XP level 3. HP: 17/27 MP: 2/6
  1389 | D:2      | Found an iron altar of Okawaru.
  1389 | D:2      | Found a blossoming altar of Fedhas.
  1397 | D:2      | Reached XP level 4. HP: 19/33 MP: 3/7
  1411 | D:2      | Became a worshipper of Warmaster Okawaru
  1710 | D:3      | Found an ornate altar of the Wu Jian Council.
  1947 | D:3      | Noticed Mirai's ghost (amateur DECj)
  1958 | D:3      | Killed Mirai's ghost
  1958 | D:3      | Reached XP level 5. HP: 26/39 MP: 4/8
  2527 | D:4      | Got a steaming pewter ring
  2538 | D:3      | Identified the ring of Kacvoesu {Ice rN+} (You found it on level 4 of the Dungeon)
  2609 | D:3      | Killed from afar by an orc wizard

Skill      XL: |  1  2  3  4 |
---------------+-------------+-----
Armour         | 2 |  2.2
Maces & Flails | 3 |  3.4
Fighting       | |  2.5
Dodging        | |  2.5
Stealth        | |  0.1
Spellcasting   | |  2.2
Charms         | |  3.6

Action                   |  1- 3 |  4- 6 || total
-------------------------+-------+-------++-------
Melee: Mace              |   131 |    76 ||   207
 Cast: Infusion          |     5 |     5 ||    10
  Use: Scroll            |     1 |       ||     1
       Potion            |       |     2 ||     2
  Eat: Chunk             |     1 |     2 ||     3
       Ration            |       |     1 ||     1
Armor: Leather armour    |    33 |    21 ||    54
Dodge: Dodged            |   108 |    50 ||   158
